 Dungeon Crawl Stone Soup version 0.29-a0-598-gd8304a5bf4 (webtiles) character file.

Game seed: 5195738485861509372

19903 IdlyInterested the Impaler (level 12, -2/132 HPs)
             Began as a Demonspawn Gladiator on June 15, 2022.
             Slain by a reaper
             ... wielding a +1 scythe of freezing
              (28 damage)
             ... in an ice cave.
             The game lasted 00:53:57 (13695 turns).

IdlyInterested the Impaler (Demonspawn Gladiator)  Turns: 13695, Time: 00:53:58

Health: -2/132     AC: 18    Str: 23    XL:     12   Next: 40%
Magic:  12/12      EV: 14    Int:  9    God:
Gold:   727        SH:  0    Dex: 18    Spells: 11/11 levels left

rFire   . . .      SeeInvis .   G - +5 halberd
rCold   . . .      Faith    .   (shield currently unavailable)
rNeg    . . .      Spirit   .   v - +0 plate armour
rPois   +          Reflect  .   c - +0 helmet
rElec   .          Harm     .   f - +0 cloak
rCorr   .          Rampage  .   l - +2 pair of gloves {hurl}
Will    .....                   s - +0 pair of boots
Stlth   ..........              C - amulet of the acrobat
HPRegen 0.32/turn               O - ring of poison resistance
MPRegen 0.13/turn               x - +6 ring of strength

@: berserking, very quick
A: repulsion field 2, ignite blood 2, powered by pain 3, weakness stinger 2
a: no special abilities


You were in an ice cave.
You visited 3 branches of the dungeon, and saw 13 of its levels.
You also visited: Sewer and Ice Cave.

You collected 727 gold pieces.

Inventory:

Hand Weapons
 a - a +1 trident of protection
 G - a +5 halberd (weapon)
 I - a +0 hand axe of flaming
 J - a +5 halberd of freezing
 K - a +0 glaive
Missiles
 d - 2 throwing nets
 h - 286 stones (quivered)
 p - 27 poisoned darts
 y - 3 javelins
 F - 3 curare-tipped darts
Armour
 c - a +0 helmet (worn)
 f - a +0 cloak (worn)
 l - a +2 pair of gloves of hurling (worn)
 s - a +0 pair of boots (worn)
 v - a +0 plate armour (worn)
 z - a +0 robe of fire resistance
 A - the +1 leather armour of a treasure trove {rElec rPois Str-2 SInv}
   (You found it on level 7 of the Dungeon)

   Str:       It affects your strength (-2).
   rElec:     It insulates you from electricity.
   rPois:     It protects you from poison.
   SInv:      It lets you see invisible.
 Q - a +1 hat
Jewellery
 q - a ring of protection from fire
 x - a +6 ring of strength (right hand)
 C - an amulet of the acrobat (around neck)
 N - a ring of fire
 O - a ring of poison resistance (left hand)
Wands
 o - a wand of flame (35)
 B - a wand of polymorph (8)
 H - a wand of paralysis (5)
 L - a wand of digging (4)
Scrolls
 g - 2 scrolls of enchant armour
 i - a scroll of amnesia
 j - 4 scrolls of identify
 k - 2 scrolls of poison
 m - 4 scrolls of teleportation
 E - 2 scrolls of silence
 P - 4 scrolls of summoning
Potions
 b - 3 potions of heal wounds
 e - 3 potions of mutation
 n - a potion of invisibility
 r - 3 potions of berserk rage
 t - 10 potions of curing
 u - a potion of brilliance
 w - a potion of haste
 M - a potion of magic
Miscellaneous
 D - a piece from Xom's chessboard (15/15)


   Skills:
 - Level 6.0 Fighting
 * Level 16.0 Polearms
 - Level 6.0 Throwing
 - Level 4.0 Armour
 + Level 10.1 Dodging
 + Level 2.0 Stealth
 - Level 4.0 Evocations


You had 11 spell levels left.
You didn't know any spells.
Your spell library contained the following spells:

 Spells                   Type           Power      Damage    Failure   Level
 Apportation              Tloc           0%         N/A       100%        1
 Necrotize                Necr           0%         1d4       100%        1
 Summon Small Mammal      Summ           0%         N/A       100%        1
 Blink                    Tloc           0%         N/A       100%        2
 Sublimation of Blood     Necr           0%         N/A       100%        2
 Call Canine Familiar     Summ           0%         N/A       100%        3
 Lesser Beckoning         Tloc           0%         N/A       100%        3
 Portal Projectile        Hex/Tloc       0%         N/A       100%        3
 Summon Guardian Golem    Hex/Summ       0%         N/A       100%        3
 Leda's Liquefaction      Hex/Erth       0%         N/A       100%        4
 Petrify                  Tmut/Erth      0%         N/A       100%        4
 Irradiate                Conj/Tmut      0%         3d13      100%        5
 Manifold Assault         Tloc           0%         N/A       100%        5


Dungeon Overview and Level Annotations

Branches:
Dungeon (10/15)            Temple (1/1) D:6            Lair (2/6) D:9
    Orc (0/2) D:9           Sewer (visited)           IceCv (1/1)
  Swamp: Lair:2-4    Shoals: Lair:2-4     Snake: Lair:2-4    Spider: Lair:2-4

Altars:
Ashenzari
Cheibriados
Elyvilon
Fedhas
Gozag
Hepliaklqana
Kikubaaqudgha
Makhleb
Nemelex Xobeh
Okawaru
Qazlal
Ru
Sif Muna
Trog
Uskayaw
Wu Jian
Xom
Yredelemnul
Zin
The Shining One
Beogh

Shops:
D:8 *


Innate Abilities, Weirdness & Mutations

You are surrounded by a moderate repulsion field. (EV +3)
Your demonic aura often causes spilled blood to erupt in flames.
You are powered by pain.
You have a tail ending in a sharp stinger.


Message History

The white imp is engulfed in freezing vapours.
Unknown command.
You hit the troll simulacrum.
The troll simulacrum vaporises!
A red film seems to cover your vision as you go berserk!
You feel yourself moving faster!
You feel mighty!
The ice devil hits you but does no damage.
The reaper hits you from afar with a +1 scythe of freezing!
The reaper freezes you.
The white imp is engulfed in freezing vapours.
You hit the ice devil.
The ice devil is lightly wounded.
A troll simulacrum comes into view.
The ice devil barely misses you.
The reaper hits you from afar with a +1 scythe of freezing!!
The reaper freezes you!
* * * LOW HITPOINT WARNING * * *
You impale the ice devil!!
The ice devil is severely wounded.
You impale the ice devil!!
You kill the ice devil!
The reaper hits you from afar with a +1 scythe of freezing.
* * * LOW HITPOINT WARNING * * *
The reaper freezes you.
* * * LOW HITPOINT WARNING * * *
Training target 4.0 for Evocations reached!
Your Evocations skill increases to level 4!
Reach: G) +5 halberd
Press: ? - help, Dir - move target, f - reaper
Aim: a reaper, wielding a +1 scythe of freezing, wearing a +1 robe of cold resistance and wearing a ring of protection from cold (about 29% to evade your +5 halberd)
You reach to attack!
You barely miss the reaper.
Reach: G) +5 halberd
Press: ? - help, Dir - move target, f/p - reaper
Aim: a reaper, wielding a +1 scythe of freezing, wearing a +1 robe of cold resistance and wearing a ring of protection from cold (about 29% to evade your +5 halberd)
You reach to attack!
You barely miss the reaper. The white imp gestures at you.
The puff of frost misses you.
You hear a sizzling sound!
The reaper hits you from afar with a +1 scythe of freezing!!
You die...

### ##.## ####
##...## ##..##
##.....# #....##
#......## #..#..##
##.......# .###...#
#.....☼..#
.####..###.....°@##
.#..##..#.....#.#○5#
##..)##......##.#2Z#
#....##....###..#☼.#
#....###...# ....○§§
....##
#...#.......☼☼
#.#.## #...#...#
##.Z# ###..#
#....... ... ##...#
#..#..


You could see a reaper, a white imp, a two-headed ogre simulacrum and a troll
simulacrum.

Vanquished Creatures
  Erolcha (D:10)
  3 centaur warriors (D:9)
  A two-headed ogre (D:9)
  Pikel (D:8)
  An ugly thing (D:9)
  A cyclops (D:9)
  Maurice (D:8)
  A black mamba (Lair:1)
  3 cane toads
  2 ice statues (IceCv)
  The ghost of Nietzsche the Spear-Bearer, a novice MfGl of Yredelemnul (D:4)
  A rime drake (Lair:1)
  A komodo dragon (Lair:2)
  A freezing wraith (IceCv)
  3 ice devils (IceCv)
  A troll (D:10)
  Prince Ribbit (D:8)
  3 blink frogs (Lair:2)
  A slime creature (D:9)
  3 wyverns
  2 wraiths
  25 yaks
  Grum (D:8)
  A death yak simulacrum (IceCv)
  A harpy simulacrum (IceCv)
  Duvessa (D:5)
  3 acid dragons
  6 water moccasins
  6 orc warriors
  A sky beast (D:8)
  3 ice beasts (D:9)
  A black bear (D:6)
  4 wolves (D:8)
  A centaur (D:10)
  2 kobold brigands
  Blork the orc (D:4)
  5 bullfrogs
  2 scorpions
  5 necrophages (D:7)
  A cane toad simulacrum (IceCv)
  15 wights
  Dowan (D:5)
  The ghost of superpeng the Sneak, a weakling MiDe (D:9)
  3 killer bees (D:8)
  2 elephant simulacra (IceCv)
  A howler monkey (D:8)
  A crimson imp (D:5)
  A centaur zombie (D:7)
  2 jellies
  Crazy Yiuf (D:2)
  3 hounds
  8 orc priests
  Natasha (thrice) (D:2)
  6 iguanas
  6 orc wizards
  2 troll simulacra (IceCv)
  2 wolf simulacra (IceCv)
  2 centaur simulacra (D:9)
  A howler monkey zombie (D:7)
  16 adders
  2 naga simulacra (IceCv)
  20 white imps
  4 ufetubi (IceCv)
  3 worms
  4 dart slugs
  30 orcs
  9 endoplasms
  12 giant cockroaches
  8 goblins
  7 hobgoblins
  9 jackals (D:2)
  4 quokkas
  14 ball pythons
  3 bats
  12 frilled lizards
  19 kobolds
  2 rats (D:3)
  A bush (D:7)
  A butterfly (D:7)
344 creatures vanquished.

Vanquished Creatures (others)
  2 fungi (Lair:1)
  10 plants
12 creatures vanquished.

Grand Total: 356 creatures vanquished

Notes
Turn   | Place    | Note
-------+----------+-------------------------------------------
     0 | D:1      | IdlyInterested the Demonspawn Gladiator began the quest for
                  | the Orb.
     0 | D:1      | Reached XP level 1. HP: 16/16 MP: 1/1
   405 | D:1      | Reached skill level 1 in Stealth
   439 | D:1      | Gained mutation: You sometimes gain a little power by
                  | taking damage. [demonic ancestry]
   439 | D:1      | Reached XP level 2. HP: 19/22 MP: 2/2
  1365 | D:2      | Noticed Natasha
  1379 | D:2      | Killed Natasha
  1380 | D:2      | Reached skill level 3 in Polearms
  1380 | D:2      | Gained mutation: You sometimes gain power by taking damage.
                  | [demonic ancestry]
  1380 | D:2      | Reached XP level 3. HP: 10/27 MP: 3/3
  1567 | D:2      | Noticed Natasha
  1578 | D:2      | Killed Natasha
  1579 | D:2      | Gained mutation: Your demonic aura sometimes causes spilled
                  | blood to erupt in flames. [demonic ancestry]
  1579 | D:2      | Reached XP level 4. HP: 27/34 MP: 4/4
  1626 | D:2      | Noticed Natasha
  1638 | D:2      | Killed Natasha
  1742 | D:2      | Reached skill level 1 in Armour
  1924 | D:2      | Gained mutation: You are surrounded by a mild repulsion
                  | field. (EV +2) [demonic ancestry]
  1924 | D:2      | Reached XP level 5. HP: 39/39 MP: 5/5
  2519 | D:2      | Found a runed translucent door.
  2520 | D:2      | Noticed Crazy Yiuf
  2785 | D:2      | Killed Crazy Yiuf
  3150 | D:3      | Found a faded altar of an unknown god.
  3352 | D:3      | Found a stormy altar of Qazlal.
  3365 | D:3      | Reached skill level 1 in Evocations
  3427 | D:3      | Gained mutation: You are surrounded by a moderate repulsion
                  | field. (EV +3) [demonic ancestry]
  3427 | D:3      | Reached XP level 6. HP: 37/47 MP: 6/6
  3888 | D:4      | Found a runed translucent gate.
  3889 | D:4      | Found a runed translucent gate.
  3889 | D:4      | Found a runed translucent gate.
  3891 | D:4      | Noticed Nietzsche's ghost (novice MfGl)
  3959 | D:4      | Reached skill level 4 in Polearms
  4047 | D:4      | Noticed Blork the orc
  4054 | D:4      | Killed Blork the orc
  4408 | D:4      | Killed Nietzsche's ghost
  4409 | D:4      | Reached skill level 5 in Polearms
  4409 | D:4      | Gained mutation: You have a small tail. [demonic ancestry]
  4409 | D:4      | Reached XP level 7. HP: 16/52 MP: 7/7
  4669 | D:5      | Entered Level 5 of the Dungeon
  5274 | D:5      | Noticed Dowan
  5275 | D:5      | Noticed Duvessa
  5280 | D:5      | Killed Dowan
  5281 | D:5      | Gained mutation: You are powered by pain. [demonic
                  | ancestry]
  5281 | D:5      | Reached XP level 8. HP: 52/59 MP: 8/8
  5290 | D:5      | Killed Duvessa
  5291 | D:5      | Reached skill level 6 in Polearms
  5625 | D:5      | Reached skill level 5 in Dodging
  6025 | D:6      | Found a glowing drain.
  6050 | Sewer    | Entered a sewer
  6566 | D:6      | Found an iron altar of Okawaru.
  6576 | D:6      | Found a sacrificial altar of Ru.
  6624 | D:6      | Reached skill level 7 in Polearms
  6637 | D:6      | Reached skill level 8 in Polearms
  6641 | D:6      | Gained mutation: You have a tail ending in a sharp stinger.
                  | [demonic ancestry]
  6641 | D:6      | Reached XP level 9. HP: 53/65 MP: 9/9
  6788 | D:6      | Reached skill level 9 in Polearms
  6820 | D:6      | Found a staircase to the Ecumenical Temple.
  6834 | Temple   | Entered the Ecumenical Temple
  7006 | D:6      | Found a broken altar of Ashenzari.
  7529 | D:6      | Identified the +0 ring mail of the Amoeba {Dex+3}
  7850 | D:7      | Reached skill level 5 in Fighting
  7850 | D:7      | Reached skill level 10 in Polearms
  8004 | D:7      | Found a blossoming altar of Fedhas.
  8077 | D:7      | Found an opulent altar of Gozag.
  8254 | D:7      | Identified the +1 leather armour of a treasure trove {rElec
                  | rPois Str-2 SInv}
  8319 | D:7      | Found a shimmering altar of Xom.
  8633 | D:7      | Reached skill level 11 in Polearms
  8792 | D:8      | Noticed Grum
  8798 | D:8      | Killed Grum
  8813 | D:8      | Reached XP level 10. HP: 58/74 MP: 10/10
  9022 | D:8      | Reached skill level 5 in Throwing
  9035 | D:8      | Noticed Prince Ribbit
  9048 | D:8      | Killed Prince Ribbit
  9064 | D:8      | Noticed Maurice
  9076 | D:8      | Killed Maurice
  9077 | D:8      | Reached skill level 12 in Polearms
  9311 | D:8      | Found Baryesin's Changing Room.
  9317 | D:8      | Noticed Pikel
  9343 | D:8      | Killed Pikel
  9796 | D:9      | Reached skill level 13 in Polearms
 10017 | D:9      | Noticed a centaur warrior
 10028 | D:9      | Killed a centaur warrior
 10146 | D:9      | Noticed a brown ugly thing
 10147 | D:9      | Noticed a centaur warrior
 10153 | D:9      | Killed a centaur warrior
 10167 | D:9      | Killed a brown ugly thing
 10168 | D:9      | Reached skill level 14 in Polearms
 10229 | D:9      | Reached XP level 11. HP: 38/81 MP: 11/11
 10599 | D:9      | Found a staircase to the Lair.
 10609 | D:9      | Found a staircase to the Orcish Mines.
 10831 | D:9      | Found a runed translucent gate.
 10832 | D:9      | Found a runed translucent gate.
 10834 | D:9      | Found a runed translucent gate.
 10856 | D:9      | Noticed superpeng's ghost (weakling MiDe)
 10913 | D:9      | You fall into a shaft and drop 1 floor!
 10913 | D:10     | Entered Level 10 of the Dungeon
 10935 | D:10     | Noticed Erolcha
 10942 | D:10     | Killed Erolcha
 11096 | D:9      | Noticed a two-headed ogre
 11096 | D:9      | Noticed a centaur warrior
 11102 | D:9      | Killed a centaur warrior
 11110 | D:9      | Killed a two-headed ogre
 11644 | D:9      | Reached skill level 15 in Polearms
 11644 | D:9      | Killed superpeng's ghost
 11782 | Lair:1   | Entered Level 1 of the Lair of Beasts
 11985 | Lair:1   | Gained mutation: Your demonic aura often causes spilled
                  | blood to erupt in flames. [demonic ancestry]
 11985 | Lair:1   | Reached XP level 12. HP: 72/88 MP: 12/12
 12286 | Lair:1   | You fall into a shaft and drop 1 floor!
 12505 | Lair:2   | Found a frozen archway.
 12544 | IceCv    | Entered an ice cave
 13249 | IceCv    | Reached skill level 10 in Dodging
 13560 | IceCv    | Reached skill level 16 in Polearms
 13680 | IceCv    | Noticed a reaper
 13695 | IceCv    | Slain by a reaper

Illustrated notes

Levels and vault maps discovered:
D:1:      ncdulo_wetmaze, layout_basic
D:2:      layout_basic, minmay_snake_closets, uniq_crazy_yiuf_cottage,
          uniq_natasha
D:3:      layout_loops_ring, mainiacjoe_overflow_brackets,
          chequers_ecumenical_altar_simple_redux, minivault_4,
          amcnicky_mini_corridor_feature
D:4:      layout_basic, gammafunk_ghost_split, minmay_misc_feat_doors,
          uniq_blork_the_orc
D:5:      layout_layer_cave, minmay_fire_ice_demons, uniq_duvessa
D:6:      layout_basic, ashenzari_altar_1, grunt_temple_overflow_open,
          minmay_temple_entry_glassed_door, gup_sewer_entry_glass,
          serial_co_window_serial, co_window_paths_b, co_window_corner_a,
          co_window_of_opportunity_a, co_window_corner_a, co_window_paths_a,
          co_window_corner_a, co_window_paths_b, co_window_paths_b,
          co_window_paths_a, co_window_cross_3, co_window_of_opportunity_c,
          co_window_broadway_c, co_window_cross_3, co_window_paths_e,
          glass_columns_a, glass_columns_b, glass_columns_b, glass_columns_c
D:7:      layout_loops_ring, fedhas_altar_decomposition, grunt_gozag_statues,
          xom_butterflies
D:8:      layout_rooms, nicolae_transmutations_shop, uniq_prince_ribbit1,
          uniq_maurice, uniq_pikel, uniq_grum
D:9:      layout_stronghold, lair_entry_dummy, david_orc_5, gammafunk_ghost_icy,
          minmay_shattered_shrine
D:10:     layout_long_grid, nicolae_overflow_hidden_temple, uniq_harold,
          uniq_erolcha
Temple:   nicolae_temple_god_jail
Lair:1:   layout_cave_pods, infiniplex_staircase_pool_2, grunt_megastairs_2
Lair:2:   layout_regular_city, guppyfry_snake_entry_island,
          portal_ice_cave_entry_imps, beast_lair_carwin_2
IceCv:    ice_cave_small_demon

Skill      XL: |  1  2  3  4  5  6  7  8  9 10 11 12 |
---------------+-------------------------------------+-----
Stealth        | 1 2 |  2.0
Polearms       | 3 5 8 11 14 15 16 | 16.0
Dodging        | 3 4 5 7 8 9 10 | 10.1
Armour         | 1 2 4 |  4.0
Fighting       | 3 4 5 6 |  6.0
Evocations     | 1 2 4 |  4.0
Throwing       | 3 4 5 6 |  6.0

Action                   |  1- 3 |  4- 6 |  7- 9 | 10-12 || total
-------------------------+-------+-------+-------+-------++-------
Melee: Trident           |    72 |   207 |   389 |    79 ||   747
       Punch             |     1 |       |     6 |     1 ||     8
       Tailslap          |       |       |    54 |    61 ||   115
       Halberd           |       |       |       |   356 ||   356
Throw: Stone             |    15 |    19 |    16 |    62 ||   112
       Boomerang         |       |    34 |    31 |       ||    65
       Javelin           |       |     1 |     8 |     4 ||    13
       Dart              |       |       |     5 |     3 ||     8
       Throwing net      |       |       |     1 |       ||     1
  Use: Potion            |     2 |     5 |       |     2 ||     9
       Scroll            |     1 |     8 |     9 |     2 ||    20
 Stab: Sleeping          |       |     7 |       |       ||     7
       Held in net/web   |       |       |     1 |       ||     1
Armor: Leather armour    |    14 |       |       |       ||    14
       Ring mail         |     9 |    65 |       |       ||    74
       Chain mail        |       |    37 |    87 |       ||   124
       Plate armour      |       |       |    76 |   157 ||   233
Dodge: Dodged            |    37 |   124 |   206 |   247 ||   614

Table legend: (Time is in decaauts)
 A = Elapsed time spent in this place.
 B = Non-inter-level travel time spent in this place.
 C = Inter-level travel time spent in this place.
 D = Time resting spent in this place.
 E = Time spent auto-exploring this place.
 F = Levels seen in this place.
 G = Mean time per level.
                   A        B        C        D        E       F      G
               +--------+--------+--------+--------+--------+-----+--------+
         Total |  13664 |  13237 |    427 |   2142 |   7839 |  15 |  910.9 |
       Dungeon |  11285 |  10861 |    424 |   1206 |   7266 |  10 | 1128.5 |
        Temple |     57 |     57 |      0 |      0 |     27 |   1 |   57.0 |
          Lair |    728 |    725 |      3 |      0 |    382 |   2 |  364.0 |
         Sewer |    463 |    463 |      0 |      0 |    155 |   1 |  463.0 |
      Ice Cave |   1129 |   1129 |      0 |    936 |      8 |   1 | 1129.0 |
               +--------+--------+--------+--------+--------+-----+--------+

Top non-repeatable levels by time:
     D:9: 1870 daAuts
     D:2: 1574 daAuts
     D:1: 1370 daAuts
     D:5: 1310 daAuts
   IceCv: 1129 daAuts
     D:6: 1118 daAuts
     D:7: 1115 daAuts
     D:8: 1005 daAuts
     D:4: 925 daAuts
     D:3: 865 daAuts
  Lair:1: 486 daAuts
   Sewer: 463 daAuts
  Lair:2: 242 daAuts
    D:10: 129 daAuts
  Temple: 57 daAuts
